 Dungeon Crawl Stone Soup version 0.17-a0-1409-ge6d9485 (webtiles) character file.

85 bal the Sneak (level 4, -2/23 HPs)
             Began as a Vine Stalker Assassin on June 22, 2015.
             Slain by a gnoll
             ... wielding a +0 spear
              (8 damage)
             ... on level 3 of the Dungeon.
             The game lasted 00:04:08 (1595 turns).

bal the Sneak (Vine Stalker Assassin)               Turns: 1595, Time: 00:04:08

Health: -2/23      AC:  3    Str: 19    XL:     4   Next: 48%
Magic:  0/5        EV: 12    Int: 12    God:
Gold:   61         SH:  0    Dex: 15    Spells: 0 memorised, 3 levels left

rFire  . . .     SeeInvis .     a - +2 dagger
rCold  . . .     Clarity  .     c - +0 robe
rNeg   . . .     SustAt   .     (no shield)
rPois  .         Gourm    .     (no helmet)
rElec  .         Spirit   +     d - +0 cloak
rCorr  .         Warding  .     (no gloves)
rMut   .         Stasis   .     (no boots)
MR     .....                    (no amulet)
Stlth  +++.......               (no ring)
                                (no ring)

@: mighty, not resistant to hostile enchantments, fairly stealthy
A: fangs 2, regeneration 1, magic shield, antimagic bite, no device heal 3, rot
immunity
a: no special abilities


You were on level 3 of the Dungeon.
You were full.

You visited 1 branch of the dungeon, and saw 3 of its levels.

You collected 61 gold pieces.

Inventory:

Hand weapons
 a - a +2 dagger (weapon)
 b - a +0 blowgun
 r - a +0 hunting sling
Missiles
 e - 6 poisoned needles
 f - 2 curare-tipped needles
 p - 16 poisoned bolts
Armour
 c - a +0 robe (worn)
 d - a +0 cloak (worn)
Scrolls
 j - a scroll of identify {unknown}
 o - a scroll of amnesia {unknown}
 q - a scroll of immolation {unknown}
 s - 2 scrolls of blinking {unknown}
 u - a scroll of teleportation {unknown}
Potions
 h - a potion of ambrosia {unknown}
 i - 2 potions of might
 k - 2 potions of agility {unknown}
 l - a potion of curing {unknown}
 t - 2 potions of heal wounds {unknown}
Books
 w - a book of Beasts

   Spells                             Type                      Level
   a - Summon Butterflies             Summoning                    1
   b - Call Canine Familiar           Summoning                    3
   c - Summon Ice Beast               Ice/Summoning                4
   d - Summon Mana Viper              Hexes/Summoning              5
   e - Summon Hydra                   Summoning                    7
Comestibles
 g - 2 bread rations
 n - a beef jerky


   Skills:
 + Level 1.9 Fighting
 + Level 2.0 Short Blades
 + Level 2.6 Throwing
 + Level 1.1 Dodging
 + Level 6.2 Stealth


You had 3 spell levels left.
You didn't know any spells.

Dungeon Overview and Level Annotations

Branches:
Dungeon (3/15)

Altars:
Zin


Innate Abilities, Weirdness & Mutations

You have extremely sharp teeth.
Your natural rate of healing is unusually fast.
When hurt, damage is shared between your health and your magic reserves.
Your bite disrupts and absorbs the magic of your enemies.
Potions and wands cannot restore your health.
You are immune to rotting.


Message History

The bat closely misses you.
You see here a bat corpse.
The bat hits you but does no damage. The bat hits you.
The bat hits you but does no damage. The bat hits you.
You hit the giant newt.
You kill the giant newt!
The bat barely misses you. The bat hits you but does no damage.
Drink which item? (? for menu, Esc to quit)
It was a potion of might.
You feel very mighty all of a sudden. The bat hits you but does no damage.
The gnoll hits you from afar with a spear.
* * * LOW HITPOINT WARNING * * *
The gnoll hits you from afar with a spear.
* * * LOW HITPOINT WARNING * * *
The bat hits you but does no damage. The bat misses you.
The gnoll hits you with a spear!
You die...

#####.....)...........
#..............#
#####.(....)...#
#(.........#
###.).....##
#....†....#
#....r....#
#...bgg...#
#....@....#
#.........#
##.......## ##.....##
#######


You could see 2 gnolls, a bat and a rat.

Vanquished Creatures
  5 adders
  A gnoll (D:3)
  A worm (D:2)
  A giant gecko (D:2)
  7 hobgoblins
  3 kobolds
  2 bats (D:3)
  A giant cockroach (D:2)
  2 giant newts
  3 goblins
  4 rats
30 creatures vanquished.

Notes
Turn   | Place    | Note
--------------------------------------------------------------
     0 | D:1      | bal the Vine Stalker Assassin began the quest for the Orb.
     0 | D:1      | Reached XP level 1. HP: 11/11 MP: 2/2
   110 | D:1      | Reached skill level 5 in Stealth
   660 | D:1      | Reached XP level 2. HP: 10/15 MP: 1/3
   904 | D:2      | Reached skill level 1 in Dodging
   904 | D:2      | Reached XP level 3. HP: 18/18 MP: 4/4
  1191 | D:2      | Reached skill level 6 in Stealth
  1309 | D:2      | Reached XP level 4. HP: 23/23 MP: 5/5
  1334 | D:2      | Found a glowing silver altar of Zin.
  1595 | D:3      | Slain by a gnoll

Vault maps used:
D:1:      minmay_arrival_nine_rooms, st_stairs_1, grunt_decor_clamped
D:2:      lemuel_doored_altar
D:3:      kennysheep_the_goblin_king, nicolae_overflow_hidden_temple,
          first_bread

Action                   |  1- 3 |  4- 6 || total
-------------------------+-------+-------++-------
Melee: Dagger            |    31 |    21 ||    52
 Fire: Blowgun           |    15 |       ||    15
  Use: Potion            |       |     1 ||     1
 Stab: Sleeping          |     5 |     2 ||     7
       Distracted        |     1 |       ||     1
  Eat: Chunk             |     1 |       ||     1
       Meat ration       |       |     1 ||     1
